 Dungeon Sprint DCSS version 0.31-a0-986-g5e6e4ef867 (webtiles) character file.

Game seed: 5777554920521858881

8778 sircluck the Grappler (level 11, -1/113 HPs)
             Began as a Troll Berserker on Nov 13, 2023.
             Was a High Priest of Trog.
             Shot with an arrow by a deep elf master archer (19 damage)
             ... in the Dungeon (Sprint V: "Ziggurat Sprint").
             The game lasted 00:07:12 (822 turns).

sircluck the Grappler (Troll Berserker)              Turns: 822, Time: 00:07:13

Health: -1/113     AC: 25    Str: 43    XL:     11   Next: 14%
Magic:  10/10      EV:  2    Int:  3    God:    Trog [*****.]
Gold:   0          SH: 29    Dex:  9    Spells: 10/10 levels left

rFire   + .          .
                       - Unarmed
rCold   + . .        x - +18 shield of the Gong {Loud rN+ Will+ rCorr EV-5}
rNeg    + . .        y - +5 gold dragon scales
rPois   +            C - +0 hat
rElec   .            (no cloak)
rCorr   +            (gloves unavailable)
SInv    .            (boots unavailable)
Will    +....        (no amulet) Stlth
                     u - +6 ring of strength
HPRegen 1.18/turn    t - +6 ring of strength
MPRegen 0.12/turn

%: no teleportation
@: no status effects
A: large, unfitting armour, claws 3, regeneration 1, shaggy fur 1, tough skin 1
a: Renounce Religion, Berserk, Trog's Hand, Brothers in Arms


You were in the Dungeon.
You worshipped Trog.
Trog was extremely pleased with you.
You visited 1 branch

Inventory:

Armour
 x - the +18 shield of the Gong (worn) {Loud rN+ Will+ rCorr EV-5}
   (You found it in the Dungeon)

   Loud:      It is deafeningly noisy when blocking attacks.
   EV-5:      It affects your evasion (-5).
   rN+:       It protects you from negative energy.
   Will+:     It increases your willpower.
   rCorr:     It protects you from acid and corrosion.
 y - +5 gold dragon scales (worn)
 z - a +3 tower shield
 C - a +0 hat (worn)
 E - the +1 storm dragon scales "Wufrudgh" {rElec Dex+3}
   (You found it in the Dungeon)

   Dex+3:     It affects your dexterity (+3).
   rElec:     It insulates you from electricity.
Jewellery
 a - a ring of see invisible
 o - a ring of flight
 q - a +6 ring of dexterity
 r - a +6 ring of intelligence
 s - a +6 ring of intelligence
 t - a +6 ring of strength (right claw)
 u - a +6 ring of strength (left claw)
 J - a +6 ring of strength
Wands
 v - a wand of mindburst (7)
 w - a wand of acid (19)
 B - a wand of polymorph (4)
 H - a wand of paralysis (11)
 I - a wand of roots (9)
 L - a wand of digging (5)
Scrolls
 g - 3 scrolls of blinking
 l - 7 scrolls of fog
 m - 5 scrolls of identify
 n - 2 scrolls of fear
 F - a scroll of acquirement
Potions
 b - 10 potions of curing
 c - 7 potions of heal wounds
 d - 6 potions of haste
 e - 7 potions of magic
 f - 3 potions of berserk rage
 h - 2 potions of invisibility
 i - 4 potions of resistance
 j - a potion of experience
 k - 6 potions of might
Miscellaneous
 A - a lightning rod (4/4)


   Skills:
 + Level 8.9 Fighting
 * Level 11.7 Armour
 + Level 8.6 Dodging
 * Level 12.7 Shields
 * Level 14.2 Unarmed Combat


You had 10 spell levels left.
You didn't know any spells.
Your spell library was empty.

Dungeon Overview and Level Annotations

Branches:
Dungeon (1/1)

Altars:
Ashenzari
Cheibriados
Dithmenos
Elyvilon
Fedhas
Gozag
Hepliaklqana
Kikubaaqudgha
Makhleb
Nemelex Xobeh
Okawaru
Qazlal
Ru
Sif Muna
Trog
Uskayaw
Vehumet
Wu Jian
Xom
Yredelemnul
Zin
The Shining One
Jiyva
Lugonu

Annotations:
D 1 transporter


Innate Abilities, Weirdness & Mutations

You are too large for most types of armour.
You have claws for hands.
Your natural rate of healing is unusually fast.
You are covered in fur. (AC +1)
You have tough skin. (AC +1)


Message History

Your cyclops dies!
Your cyclops's corpse disappears in a puff of smoke!
The deep elf master archer shoots an arrow.
The arrow barely misses your ogre. The arrow hits you!!
* * * LOW HITPOINT WARNING * * *
The merfolk javelineer throws a silver javelin.
The silver javelin pierces through your ogre!
Your ogre dies!
Your ogre's corpse disappears in a puff of smoke!
The silver javelin pierces through you but does no damage.
* * * LOW HITPOINT WARNING * * *
Your cyclops barely misses the centaur warrior.
Unknown command.
Unknown command.
Unknown command.
Unknown command.
A centaur comes into view. It is carrying a wand of paralysis.
The centaur shouts!
The centaur wields a +0 shortbow.
The centaur shoots an arrow.
GONNNNG!
You block the arrow.
The centaur warrior unwields a +0 orcbow.
The centaur warrior barely misses your cyclops.
The centaur warrior kicks your cyclops.
The centaur warrior wields a +0 orcbow.
The centaur warrior shoots an arrow.
The arrow hits your cyclops!
Your cyclops dies!
Your cyclops's corpse disappears in a puff of smoke!
Unknown command.
Unknown command.
Unknown command.
Unknown command.
Unknown command.
Unknown command.
Blink to where?
Press: ? - help, Q - select action, (/) - cycle Dir - move target
Found four items.
Found a transporter.
As you read the scroll of blinking, it crumbles to dust.
The deep elf master archer shoots an arrow.
The arrow hits you!!
You die...

▓....[|...▓..:
▓.........▓...
▓.........▓...
▓...).....▓...
▓.........▓...
▓▓▓▓▓▓▓▓▓▓▓.▓....)▓.▓.▓.
...8©8....▓....©.†).▓)†.
.:..[:[/..▓▓▓▓▓▓▓▓▓▓▓▓▓▓
▓.../==|.@..▓...8©8...▓..8
▓...........▓..[|[)...▓..:
▓...........▓...:))...▓...
▓....m......▓.........▓...
▓c..cc.c....▓.........▓...
▓cc▓cm...▓..▓.........▓...
▓§▓c▓e..▓.▓.▓...).....▓...
▓.§▓c....▓..▓.▓..†..▓.▓.▓.
▓.....©.....▓....©....▓...


You could see a yaktaur captain, a deep elf master archer, 2 merfolk
javelineers, a centaur warrior, 3 yaktaurs and 2 centaurs.

Vanquished Creatures
  An orc warlord (D)
  A catoblepas (D)
  An orc high priest (D)
  2 orc sorcerers (D)
  An oklob plant (D)
  2 cane toads (D)
  A black mamba (D)
  2 spriggans (D)
  2 golden eyes (D)
  4 yaks (D)
  2 starcursed masses (D)
  A warg (D)
  A water moccasin (D)
  2 orc warriors (D)
  3 ogres (D)
  3 black bears (D)
  4 wolves (D)
  3 bullfrogs (D)
  2 necrophages (D)
  4 jellies (D)
  3 orc priests (D)
  2 iguanas (D)
  3 orc wizards (D)
  An ufetubus (D)
  2 adder skeletons (D)
  An orc (D)
  5 endoplasms (D)
59 creatures vanquished.

Vanquished Creatures (collateral kills)
  A cane toad (D)
  A troll (D)
  A blink frog (D)
  A large abomination (D)
  An ogre (D)
  2 phantoms (D)
  A necrophage (D)
  2 wights (D)
  An orc priest (D)
  An iron imp (D)
  5 starcursed masses (D)
  An ufetubus (D)
  An adder skeleton (D)
  A bat skeleton (D)
  A quokka skeleton (D)
  A quokka zombie (D)
22 creatures vanquished.

Grand Total: 81 creatures vanquished

Notes
Turn   | Place    | Note
-------+----------+-------------------------------------------
     0 | D        | sircluck the Troll Berserker began the quest for the Orb.
     0 | D        | Reached XP level 1. HP: 22/22 MP: 0/0
     0 | D        | Found a shimmering blue altar of Sif Muna.
     0 | D        | Found a sacrificial altar of Ru.
     0 | D        | Found a bloodstained altar of Trog.
     0 | D        | Found a stormy altar of Qazlal.
     0 | D        | Found an iron altar of Okawaru.
     0 | D        | Found a sparkling altar of Nemelex Xobeh.
     0 | D        | Found a blossoming altar of Fedhas.
     0 | D        | Found the +6 Majin-Bo {spellvamp, MP+6 Int+6}
     0 | D        | Found the +27 heavy crossbow "Sniper" {heavy, Acc+∞ SInv}
     0 | D        | Found the +10 dark maul {heavy}
     0 | D        | Found the +15 Maxwell's patent armour {-Cast -Tele rElec
                  | Will+ rCorr}
     0 | D        | Found the +18 shield of the Gong {Loud rN+ Will+ rCorr
                  | EV-5}
     0 | D        | Found the +16 obsidian axe {drain, demonic, Mesm Drain Fly
                  | SInv}
     0 | D        | Found the +7 great mace "Firestarter" {flame, immolate,
                  | rFlCloud rF++}
     0 | D        | Found the +6 shillelagh "Devastator" {shatter}
     0 | D        | Found the +11 plutonium sword {Contam Stlth-}
     0 | D        | Found the +8 lance "Wyrmbane" {slay drac, rPois rF+ rC+
                  | AC+3}
     0 | D        | Found the +9 sword of Zonguldrok {reap}
     0 | D        | Found the +13 scythe of Curses {drain, curses, Drain}
     0 | D        | Found the +9 sword of Power {lifebolt}
     0 | D        | Found the +7 mace of Variability {chaos, chaos arc}
     0 | D        | Found the +11 Singing Sword {sonic wave}
     0 | D        | Found the +8 storm bow {elec, penet}
     2 | D        | Found a transporter.
     2 | D        | Found an ancient bone altar of Kikubaaqudgha.
     2 | D        | Found a viscous altar of Jiyva.
     2 | D        | Found a corrupted altar of Lugonu.
     2 | D        | Found a hazy altar of Hepliaklqana.
     2 | D        | Found a burning altar of Makhleb.
     2 | D        | Found an opulent altar of Gozag.
     6 | D        | Banished a spatial maelstrom
   136 | D        | Entered arena 2.
   136 | D        | Noticed a jelly
   136 | D        | Found a transporter.
   139 | D        | Killed a jelly
   140 | D        | Reached skill level 4 in Unarmed Combat
   140 | D        | Reached XP level 2. HP: 24/31 MP: 1/1
   140 | D        | Reached XP level 3. HP: 29/37 MP: 2/2
   145 | D        | Entered arena 3.
   145 | D        | Noticed a yak
   145 | D        | Found a transporter.
   151 | D        | Killed a yak
   151 | D        | Reached ** piety under Trog
   152 | D        | Reached skill level 6 in Unarmed Combat
   152 | D        | Reached XP level 4. HP: 45/48 MP: 3/3
   152 | D        | Reached XP level 5. HP: 51/54 MP: 4/4
   159 | D        | Reached skill level 5 in Shields
   167 | D        | Entered arena 4.
   167 | D        | Found a transporter.
   172 | D        | Reached skill level 5 in Armour
   172 | D        | Reached skill level 7 in Unarmed Combat
   172 | D        | Reached XP level 6. HP: 63/63 MP: 5/5
   177 | D        | Reached *** piety under Trog
   190 | D        | Entered arena 5.
   190 | D        | Noticed a golden eye
   190 | D        | Found a transporter.
   194 | D        | Killed a golden eye
   194 | D        | Reached **** piety under Trog
   195 | D        | Reached skill level 5 in Fighting
   195 | D        | Reached skill level 8 in Unarmed Combat
   212 | D        | Entered arena 6.
   212 | D        | Noticed a golden eye
   212 | D        | Found a transporter.
   220 | D        | Reached skill level 5 in Dodging
   220 | D        | Reached XP level 7. HP: 59/72 MP: 6/6
   234 | D        | Reached ***** piety under Trog
   285 | D        | Killed a golden eye
   318 | D        | Entered arena 7.
   318 | D        | Noticed a yak
   318 | D        | Noticed a cane toad
   318 | D        | Noticed a yak
   331 | D        | Killed a yak
   332 | D        | Reached skill level 9 in Unarmed Combat
   336 | D        | Killed a yak
   336 | D        | Received a gift from Trog
   339 | D        | Killed a cane toad
   340 | D        | Reached XP level 8. HP: 73/83 MP: 7/7
   355 | D        | Reached skill level 10 in Unarmed Combat
   356 | D        | Found a transporter.
   371 | D        | Entered arena 8.
   371 | D        | Noticed a starcursed mass
   376 | D        | Received a gift from Trog
   378 | D        | Paralysed by accursed screaming for 1 turns
   380 | D        | Killed a starcursed mass
   385 | D        | Reached XP level 9. HP: 56/92 MP: 8/8
   385 | D        | Killed a starcursed mass
   386 | D        | Found a transporter.
   401 | D        | Got the +1 storm dragon scales "Wufrudgh" {rElec Dex+3}
   404 | D        | Entered arena 9.
   405 | D        | Found a transporter.
   409 | D        | Reached ****** piety under Trog
   410 | D        | Reached skill level 11 in Unarmed Combat
   432 | D        | Reached skill level 10 in Shields
   434 | D        | Received a gift from Trog
   465 | D        | Entered arena 10.
   471 | D        | Received a gift from Trog
   484 | D        | Found a transporter.
   599 | D        | Entered arena 11.
   600 | D        | Found a transporter.
   618 | D        | Received a gift from Trog
   619 | D        | Reached skill level 12 in Unarmed Combat
   639 | D        | Entered arena 12.
   639 | D        | Noticed a cane toad
   639 | D        | Noticed an oklob plant
   639 | D        | Noticed a catoblepas
   639 | D        | Noticed a black mamba
   639 | D        | Noticed a cane toad
   646 | D        | Killed a cane toad
   647 | D        | Reached skill level 10 in Armour
   647 | D        | Reached XP level 10. HP: 95/104 MP: 9/9
   651 | D        | Killed a catoblepas
   654 | D        | Killed a black mamba
   659 | D        | Received a gift from Trog
   659 | D        | Found the +5 scythe "Finisher" {speed, execute}
   661 | D        | Killed a cane toad
   665 | D        | Reached skill level 13 in Unarmed Combat
   669 | D        | Found a transporter.
   678 | D        | Killed an oklob plant
   688 | D        | Got the ring "Eklyth" {Contam +Blink rN+ Will+++ Str-5}
   744 | D        | Entered arena 13.
   744 | D        | Noticed an orc sorcerer
   744 | D        | Noticed an orc warlord
   744 | D        | Noticed an orc high priest
   746 | D        | Identified the +8 whip "Lauxkag" {holy, Drain Int+8 Dex-2}
   746 | D        | Noticed an orc sorcerer
   748 | D        | Noticed an orange demon
   748 | D        | Found a transporter.
   752 | D        | Killed an orc sorcerer
   753 | D        | Killed an orc sorcerer
   767 | D        | Killed an orc warlord
   767 | D        | Received a gift from Trog
   768 | D        | Reached skill level 14 in Unarmed Combat
   768 | D        | Reached XP level 11. HP: 111/113 MP: 10/10
   770 | D        | Killed an orc high priest
   804 | D        | Entered arena 14.
   810 | D        | Noticed a centaur warrior
   810 | D        | Noticed a centaur warrior
   811 | D        | Identified the ring "Agor Top" {Fly EV+5 Int+5 Slay-6}
   811 | D        | Noticed a yaktaur captain
   812 | D        | Noticed a merfolk javelineer
   812 | D        | Identified the staff of Pujebbu {Fly rF+ Str+2 Dex+3 Fire}
   812 | D        | Noticed a yaktaur captain
   812 | D        | Noticed a deep elf master archer
   812 | D        | Noticed a merfolk javelineer
   822 | D        | Found a transporter.
   822 | D        | Shot with an arrow by a deep elf master archer

Illustrated notes

Levels and vault maps discovered:
D:        sprint_v [room_start, room_1, room_2, room_3, room_4, room_5, room_6,
          room_7, room_8, room_9, room_10, room_11, room_12, room_13, room_14,
          room_15, room_16, room_17, room_18, room_19, room_20, room_21,
          room_22, room_23, room_24, room_25, room_26, room_27]

Skill      XL: |  1  2  3  4  5  6  7  8  9 10 |
---------------+-------------------------------+-----
Fighting       | 3 4 5 6 7 8 |  8.9
Armour         | 2 4 5 6 7 8 10 11 | 11.7
Dodging        | 3 4 5 6 7 8 |  8.6
Shields        | 2 4 5 6 8 9 10 12 | 12.7
Unarmed Combat | 4 6 7 8 9 10 12 14 | 14.2

Action                     |  1- 3 |  4- 6 |  7- 9 | 10-12 || total
---------------------------+-------+-------+-------+-------++-------
  Melee: Unarmed           |     7 |    23 |   112 |    48 ||   190
 Invoke: Brothers in Arms  |       |       |     4 |     4 ||     8
         Berserk           |       |       |       |     1 ||     1
    Use: Potion            |       |       |       |     3 ||     3
         Scroll            |       |       |       |     1 ||     1
 Armour: Gold dragon scale |     3 |    15 |   156 |    51 ||   225
  Dodge: Dodged            |       |       |     3 |     4 ||     7
  Block: Kite shield       |    10 |    33 |   200 |    94 ||   337

Table legend: (Time is in decaauts)
 A = Elapsed time spent in this place.
 B = Non-inter-level travel time spent in this place.
 C = Inter-level travel time spent in this place.
 D = Time resting spent in this place.
 E = Time spent auto-exploring this place.
 F = Levels seen in this place.
 G = Mean time per level.
                   A        B        C        D        E       F      G
               +--------+--------+--------+--------+--------+-----+--------+
         Total |    798 |    798 |      0 |    146 |     18 |   1 |  798.0 |
       Dungeon |    798 |    798 |      0 |    146 |     18 |   1 |  798.0 |
               +--------+--------+--------+--------+--------+-----+--------+

Top non-repeatable levels by time:
       D: 798 daAuts
